 Dungeon Crawl Stone Soup version 0.21.1-1-g345015f (webtiles) character file.

48025 vatarom the Fighter (level 14, 0/157 HPs)
             Began as an Ogre Berserker on May 2, 2018.
             Was an Elder of Trog.
             Slain by a water moccasin (4 damage)
             ... on level 6 of the Lair of Beasts.
             The game lasted 00:42:28 (22292 turns).

vatarom the Fighter (Ogre Berserker)               Turns: 22292, Time: 00:42:28

Health: 0/157      AC: 10    Str: 24    XL:     14   Next: 44%
Magic:  16/16      EV:  1    Int:  5    God:    Trog [****..]
Gold:   990        SH:  0    Dex: 12    Spells: 13/13 levels left

rFire    + . .     SeeInvis .   O - +4 giant spiked club
rCold    + + .     Gourm    .   (shield currently unavailable)
rNeg     + + +     Faith    .   h - +2 robe {rF+}
rPois    ∞         Spirit   .   G - +2 hat
rElec    +         Reflect  .   n - +2 cloak
rCorr    .         Harm     +   (gloves unavailable)
MR       +....                  (boots unavailable)
Stlth    +.........             T - amulet of harm
HPRegen  0.36/turn              v - ring of protection from cold
MPRegen  0.15/turn              I - ring of Temptation {rElec rPois rC+ rN+ Int-5}

@: petrified, berserk cooldown, slowed
A: large, unfitting armour, talons 1, repulsion field 1, clever 1, tough skin 1
a: Berserk, Trog's Hand, Brothers in Arms, Burn Spellbooks, Renounce Religion


You were on level 6 of the Lair of Beasts.
You worshipped Trog.
Trog was greatly pleased with you.
You were not hungry.

You visited 3 branches of the dungeon, and saw 20 of its levels.
You also visited: Labyrinth and Bailey.

You collected 990 gold pieces.

Inventory:

Hand Weapons
 O - a +4 giant spiked club (weapon)
Missiles
 E - 12 poisoned tomahawks
 M - 8 tomahawks of returning
 Q - a large rock (quivered)
Armour
 h - a +2 robe of fire resistance (worn)
 n - a +2 cloak (worn)
 G - a +2 hat (worn)
Jewellery
 v - a ring of protection from cold (left hand)
 D - an uncursed amulet of magic regeneration
 I - the ring of Temptation (right hand) {rElec rPois rC+ rN+ Int-5}
   (You found it on level 12 of the Dungeon)

   [ring of protection from cold]

   It affects your intelligence (-5).
   It protects you from cold.
   It insulates you from electricity.
   It protects you from poison.
   It protects you from negative energy.
 T - an amulet of harm (around neck)
Wands
 b - a wand of digging (7)
 m - a wand of paralysis (36)
 s - a wand of flame (60)
 F - a wand of acid (27)
 P - a wand of enslavement (13)
 R - a wand of iceblast (23)
 U - a wand of disintegration (16)
 V - a wand of polymorph (10)
Scrolls
 a - 11 scrolls of remove curse
 e - a scroll of enchant weapon
 g - a scroll of blinking
 o - a scroll of magic mapping
 q - a scroll of random uselessness
 u - a scroll of torment {unknown}
 x - 2 scrolls of fear
 y - 3 scrolls of summoning
 A - a scroll of immolation {unknown}
 K - 2 scrolls of teleportation
 N - a scroll of acquirement {unknown}
 S - a scroll of vulnerability
Potions
 d - a potion of heal wounds
 f - 7 potions of flight
 i - 4 potions of lignification
 k - 2 potions of invisibility
 p - a potion of might
 r - 2 potions of cancellation
 t - 3 potions of curing
 z - a potion of brilliance {unknown}
 C - a potion of magic {unknown}
 H - a potion of berserk rage {unknown}
 J - a potion of agility {unknown}
 Z - 2 potions of ambrosia {unknown}
Books
 l - a book of Battle

   Spells                             Type                      Level
   a - Infusion                       Charms                       1
   b - Shroud of Golubria             Charms/Translocation         2
   c - Song of Slaying                Charms                       2
   d - Spectral Weapon                Hexes/Charms                 3
   e - Regeneration                   Charms/Necromancy            3
   Trog disapproves of the use of such an item.
 L - Loilig's Papyrus of Curses
   (You found it on level 3 of the Lair of Beasts)

   Spells                             Type                      Level
   a - Corona                         Hexes                        1
   b - Dazzling Spray                 Conjuration/Hexes            3
   c - Spectral Weapon                Hexes/Charms                 3
   d - Summon Guardian Golem          Hexes/Summoning              3
   e - Leda's Liquefaction            Hexes/Earth                  4
   f - Summon Mana Viper              Hexes/Summoning              5
   Trog disapproves of the use of such an item.
 W - Ethyular's Guide on Bewitching Shape Shifting
   (You found it in a labyrinth)

   Spells                             Type                      Level
   a - Corona                         Hexes                        1
   b - Beastly Appendage              Transmutation                1
   c - Ensorcelled Hibernation        Hexes/Ice                    2
   d - Cause Fear                     Hexes                        4
   e - Petrify                        Transmutation/Earth          4
   f - Discord                        Hexes                        8
   Trog disapproves of the use of such an item.
 X - a book of Dreams

   Spells                             Type                      Level
   a - Ensorcelled Hibernation        Hexes/Ice                    2
   b - Borgnjor's Vile Clutch         Necromancy/Earth             5
   c - Silence                        Hexes/Air                    5
   d - Darkness                       Hexes                        6
   e - Shadow Creatures               Summoning                    6
   Trog disapproves of the use of such an item.
Miscellaneous
 Y - a phantom mirror
Comestibles
 c - 3 rations
 j - 17 chunks of flesh


   Skills:
 + Level 14.9 Fighting
 * Level 14.7 Maces & Flails
 * Level 7.7 Throwing
 + Level 11.4 Dodging
   Level 1.3 Shields
 + Level 2.8 Evocations


You had 13 spell levels left.
You didn't know any spells.

Dungeon Overview and Level Annotations

Branches:
Dungeon (13/15)            Temple (1/1) D:7            Lair (6/6) D:11
  Swamp (0/4) Lair:4        Snake (0/4) Lair:4          Orc (0/2) D:11
 Vaults (0/5) D:13
  Slime: Lair:5-6

Altars:
Ashenzari
Cheibriados
Dithmenos
Elyvilon
Fedhas
Gozag
Hepliaklqana
Kikubaaqudgha
Makhleb
Nemelex Xobeh
Okawaru
Qazlal
Ru
Sif Muna
Trog
Uskayaw
Vehumet
Wu Jian
Xom
Yredelemnul
Zin
The Shining One

Shops:
D:7 *

Annotations:
Lair:2 exclusion: oklob plant
Lair:5 exclusion: 2 oklob plants
Lair:6 exclusion: oklob plant


Innate Abilities, Weirdness & Mutations

You are too large for most types of armour.
You have tough skin. (AC +1)
You have sharp toenails.
You are surrounded by a mild repulsion field. (EV +2)
Your mind is acute. (Int +2)


Message History

The spiny frog stings you but does no damage.
The water moccasin bites you but does no damage.
The water moccasin bites you but does no damage.
The basilisk bites you!
* * * LOW HITPOINT WARNING * * *
The spiny frog stings you!
* * * LOW HITPOINT WARNING * * *
The water moccasin bites you but does no damage.
The spiny frog stings you!!
* * * LOW HITPOINT WARNING * * *
The basilisk gazes at you. The water moccasin bites you.
* * * LOW HITPOINT WARNING * * *
The spiny frog stings you.
* * * LOW HITPOINT WARNING * * *
The komodo dragon bites you!!
* * * LOW HITPOINT WARNING * * *
The basilisk gazes at you. The water moccasin bites you!
You die...

..............≈≈≈≈≈≈
..............≈≈≈≈≈≈
...........≈≈≈≈≈≈≈
.........≈..≈P≈≈≈
#.##....P.≈≈≈≈≈≈
###.....†..≈≈≈≈≈
#.....†.≈≈≈≈≈≈
##.l(P.P...≈≈≈P
#.@F......P≈≈≈≈
#..lS........≈≈≈
#..#......P....
##.#.....≈.....
##.#.....####.
#......... . .......
.. .......


You could see a komodo dragon, a spiny frog, a basilisk and a water moccasin.

Vanquished Creatures
  Nessos (Lair:4)
  Snorg (Lair:6)
  Josephine (D:10)
  A minotaur (Lab)
  Fannar (D:12)
  A fire dragon (D:13)
  The ghost of nightchill the Slicer, a journeyman KoBe of Trog (Lair:3)
  4 vault guards (D:13)
  A centaur warrior (D:13)
  2 hydras
  A two-headed ogre (D:12)
  3 death yaks
  A lindwurm (Lair:4)
  Pikel (D:6)
  3 orc knights (Bailey)
  2 ugly things (D:11)
  6 slime creatures
  A manticore (D:12)
  2 centaur zombies
  2 black mambas
  A black mamba (shapeshifter) (D:11)
  3 spiny frogs
  3 centaur skeletons
  Psyche (D:10)
  A rime drake (Lair:6)
  6 komodo dragons
  2 trolls
  The ghost of Iko the Shooter, a novice VSAM (D:7)
  A tyrant leech (Lair:6)
  2 polar bears
  A hornet (D:8)
  18 blink frogs
  3 hippogriffs
  Sigmund (D:6)
  4 wyverns
  5 wraiths (D:10)
  28 yaks
  A human (D:7)
  4 redbacks (Lab)
  A vampire (D:12)
  4 hogs (D:7)
  5 vampire mosquitoes
  7 basilisks
  Grum (D:10)
  10 hungry ghosts
  Menkaure (D:5)
  7 water moccasins
  A naga (Lair:4)
  6 porcupines
  An eye of draining (D:12)
  3 black bears
  4 sky beasts
  A slave (D:6)
  9 orc warriors
  An ice beast (D:8)
  2 phantoms
  4 ogres
  3 wolves (D:9)
  2 necrophages
  4 centaurs
  6 crocodiles
  A big kobold (D:10)
  24 bullfrogs
  A wyvern skeleton (D:9)
  4 scorpions
  8 killer bees
  A troll skeleton (Lab)
  3 howler monkeys
  3 electric eels
  A spriggan skeleton (Lab)
  4 crimson imps
  A bullfrog zombie (D:9)
  A quasit (D:11)
  3 hounds
  4 jellies
  5 orc priests
  9 orc wizards
  4 iguanas
  A bullfrog skeleton (D:4)
  8 worker ants
  A hound skeleton (D:7)
  2 worker ant zombies
  7 gnolls
  10 adders
  A shadow imp (D:7)
  An ooze (D:2)
  An adder skeleton (D:4)
  2 adder zombies
  2 worms
  A dart slug (D:1)
  5 leopard geckos
  61 orcs
  A ball python (D:2)
  6 bats
  4 giant cockroaches
  9 hobgoblins
  9 jackals
  13 kobolds
  4 quokkas
  13 frilled lizards
  10 goblins
  A jackal skeleton (D:4)
  A leopard gecko skeleton (D:4)
  6 rats
  A plant (Lab)
463 creatures vanquished.

Vanquished Creatures (collateral kills)
  3 vault guards (D:13)
  2 hydras
  A death yak (Lair:3)
  7 yaks
  An ogre (D:13)
  A wolf (D:10)
  A water moccasin skeleton (D:10)
  A killer bee (D:11)
  A crimson imp (D:10)
  A quasit (D:11)
  A worker ant (D:10)
  An orc (D:13)
  2 kobolds (D:10)
  A quokka (D:11)
24 creatures vanquished.

Vanquished Creatures (others)
  A phantom (D:6)
  A jackal (D:6)
  A fungus (Lair:3)
  23 plants
26 creatures vanquished.

Grand Total: 513 creatures vanquished

Notes
Turn   | Place    | Note
-------+----------+-------------------------------------------
     0 | D:1      | vatarom the Ogre Berserker began the quest for the Orb.
     0 | D:1      | Reached XP level 1. HP: 24/24 MP: 1/1
    68 | D:1      | Reached XP level 2. HP: 14/32 MP: 2/2
   687 | D:1      | Reached XP level 3. HP: 24/40 MP: 3/3
  1106 | D:2      | Reached ** piety under Trog
  1323 | D:2      | Reached XP level 4. HP: 49/49 MP: 4/4
  1803 | D:2      | Reached XP level 5. HP: 55/55 MP: 5/5
  2489 | D:3      | Reached *** piety under Trog
  2489 | D:3      | Reached skill level 5 in Fighting
  3270 | D:4      | Reached XP level 6. HP: 61/66 MP: 6/6
  3924 | D:5      | Entered Level 5 of the Dungeon
  4213 | D:5      | Reached XP level 7. HP: 63/74 MP: 7/7
  4297 | D:5      | Reached skill level 5 in Dodging
  4607 | D:5      | Reached skill level 5 in Maces & Flails
  4810 | D:5      | Noticed Menkaure
  4817 | D:5      | Killed Menkaure
  5192 | D:6      | Reached XP level 8. HP: 53/84 MP: 8/8
  5812 | D:6      | Noticed Sigmund
  5815 | D:6      | Noticed Pikel
  5981 | D:6      | Killed Sigmund
  6050 | D:6      | Killed Pikel
  6050 | D:6      | Reached XP level 9. HP: 37/94 MP: 9/9
  6503 | D:6      | Found a glowing golden altar of the Shining One.
  6665 | D:7      | Found a shadowy altar of Dithmenos.
  6694 | D:7      | Reached **** piety under Trog
  7446 | D:7      | Reached skill level 1 in Throwing
  7580 | D:7      | Found an opulent altar of Gozag.
  7580 | D:7      | Found Gozag's Platinum Reserve.
  7585 | D:7      | Gained mutation: You are frail. (-10% HP) [potion of mutation]
  7585 | D:7      | Gained mutation: You have sharp toenails. [potion of mutation]
  7586 | D:7      | Lost mutation: You are frail. (-10% HP) [potion of mutation]
  7586 | D:7      | Lost mutation: You have sharp toenails. [potion of mutation]
  7586 | D:7      | Gained mutation: You are surrounded by a mild repulsion field. (EV +2) [potion of mutation]
  7586 | D:7      | Gained mutation: Your mind is acute. (Int +2) [potion of mutation]
  7586 | D:7      | Gained mutation: You have sharp toenails. [potion of mutation]
  7658 | D:7      | Found a staircase to the Ecumenical Temple.
  7660 | D:7      | Noticed Iko's ghost (novice VSAM)
  7667 | D:7      | Killed Iko's ghost
  7667 | D:7      | Reached XP level 10. HP: 106/106 MP: 10/10
  7680 | Temple   | Entered the Ecumenical Temple
  8834 | D:8      | Reached ***** piety under Trog
  9162 | D:8      | Reached skill level 10 in Fighting
  9575 | D:9      | Reached XP level 11. HP: 116/116 MP: 11/11
 10229 | D:9      | Reached skill level 10 in Dodging
 10400 | D:10     | Entered Level 10 of the Dungeon
 10402 | D:10     | Noticed Grum
 10409 | D:9      | Reached skill level 10 in Maces & Flails
 11036 | D:10     | Killed Grum
 11242 | D:10     | Noticed Psyche
 11251 | D:10     | Killed Psyche
 11334 | D:10     | Noticed Josephine
 11341 | D:10     | Killed Josephine
 11660 | D:11     | Noticed a cyan ugly thing
 11667 | D:11     | Killed a cyan ugly thing
 11667 | D:11     | Reached skill level 5 in Throwing
 11710 | D:11     | Found a staircase to the Lair.
 11878 | D:11     | Found a flagged portal.
 11893 | D:11     | Noticed a purple ugly thing
 11900 | D:11     | Killed a purple ugly thing
 11993 | Bailey   | Entered a bailey
 12197 | Bailey   | Noticed an orc knight
 12201 | Bailey   | Noticed an orc knight
 12283 | Bailey   | Noticed an orc knight
 12304 | Bailey   | Killed an orc knight
 12305 | Bailey   | Killed an orc knight
 12305 | Bailey   | Reached XP level 12. HP: 91/129 MP: 12/12
 12420 | Bailey   | Got a crude shield
 12526 | D:11     | Found a staircase to the Orcish Mines.
 12668 | D:11     | Received a gift from Trog
 12697 | D:11     | Noticed an eight-headed hydra
 12703 | D:11     | Killed an eight-headed hydra
 12703 | D:11     | Reached skill level 1 in Shields
 12755 | D:11     | Identified the +4 shield of Generosity {Dex+2} (You found it in a bailey)
 13107 | D:12     | Received a gift from Trog
 13119 | D:12     | Noticed Fannar
 13136 | D:12     | Killed Fannar
 13184 | D:12     | Noticed a two-headed ogre
 13189 | D:12     | Killed a two-headed ogre
 13567 | D:12     | Got a clouded marble ring
 13569 | D:12     | Identified the ring of Temptation {rElec rPois rC+ rN+ Int-5} (You found it on level 12 of the Dungeon)
 14550 | D:13     | Found a gate to the Vaults.
 14550 | D:13     | Noticed a vault guard
 14550 | D:13     | Noticed a vault guard
 14550 | D:13     | Noticed a vault guard
 14551 | D:13     | Noticed a vault guard
 14551 | D:13     | Noticed a vault guard
 14551 | D:13     | Noticed a vault guard
 14551 | D:13     | Noticed a vault guard
 14551 | D:13     | Noticed a vault guard
 14560 | D:13     | Killed a vault guard
 14562 | D:13     | Killed a vault guard
 14562 | D:13     | Received a gift from Trog
 14568 | D:13     | Killed a vault guard
 14578 | D:13     | Killed a vault guard
 14583 | D:13     | Killed a vault guard
 14879 | D:13     | Noticed a centaur warrior
 14889 | D:13     | Killed a centaur warrior
 14889 | D:13     | Reached XP level 13. HP: 76/144 MP: 13/13
 14937 | D:13     | Killed a vault guard
 15115 | D:13     | Killed a vault guard
 15486 | D:13     | Noticed a fire dragon
 15492 | D:13     | Killed a fire dragon
 15868 | Lair:1   | Entered Level 1 of the Lair of Beasts
 15965 | Lair:1   | Found a labyrinth entrance.
 15972 | Lab      | Entered a labyrinth
 16011 | Lab      | Received a gift from Trog
 16912 | Lab      | Noticed a minotaur
 16917 | Lab      | Killed a minotaur
 16918 | Lab      | Identified Ethyular's Guide on Bewitching Shape Shifting
 17550 | Lair:1   | You fall through a shaft!
 17805 | Lair:2   | Received a gift from Trog
 18802 | Lair:3   | Noticed nightchill's ghost (journeyman KoBe)
 18896 | Lair:3   | Reached skill level 1 in Evocations
 18986 | Lair:3   | Killed nightchill's ghost
 19401 | Lair:3   | Identified Loilig's Papyrus of Curses
 19544 | Lair:3   | Reached XP level 14. HP: 154/157 MP: 15/15
 20060 | Lair:4   | Found a staircase to the Snake Pit.
 20103 | Lair:4   | Found a staircase to the Swamp.
 20350 | Lair:4   | Noticed Nessos
 20370 | Lair:4   | Killed Nessos
 22033 | Lair:6   | Entered Level 6 of the Lair of Beasts
 22117 | Lair:6   | Noticed Snorg
 22125 | Lair:6   | Killed Snorg
 22292 | Lair:6   | HP: 4/157 [komodo dragon (18)]
 22292 | Lair:6   | Slain by a water moccasin

Skill      XL: |  1  2  3  4  5  6  7  8  9 10 11 12 13 14 |
---------------+-------------------------------------------+-----
Maces & Flails | 3 4 5 7 8 9 10 12 14 | 14.7
Dodging        | 3 4 5 7 8 9 10 11 | 11.4
Fighting       | 5 6 7 9 10 11 13 14 | 14.9
Throwing       | 1 3 5 6 7 |  7.7
Shields        | 1 |  1.3
Evocations     | 1 2 |  2.8

Action                   |  1- 3 |  4- 6 |  7- 9 | 10-12 | 13-15 || total
-------------------------+-------+-------+-------+-------+-------++-------
Melee: Mace              |   115 |   144 |       |       |       ||   259
       Flail             |       |    35 |       |       |       ||    35
       Giant club        |       |       |   257 |   389 |       ||   646
       Kick              |       |       |     2 |   110 |   105 ||   217
       Giant spiked club |       |       |       |    81 |   360 ||   441
Throw: Tomahawk          |       |       |       |     2 |    18 ||    20
       Large rock        |       |       |       |       |    10 ||    10
Invok: Berserk           |     4 |     4 |    10 |    16 |    10 ||    44
       Trog's Hand       |       |       |     2 |     1 |       ||     3
       Brothers in Arms  |       |       |       |     7 |     5 ||    12
Evoke: Wand              |       |       |       |    30 |     3 ||    33
  Use: Scroll            |     2 |       |    11 |    10 |    11 ||    34
       Potion            |       |     1 |     6 |     4 |     2 ||    13
 Stab: Sleeping          |     1 |       |       |     4 |     1 ||     6
       Invisible         |       |       |     4 |       |       ||     4
  Eat: Chunk             |     4 |     2 |    19 |    12 |    13 ||    50
       Ration            |       |     3 |     1 |     9 |    12 ||    25
Armor: Animal skin       |    32 |    41 |    18 |       |       ||    91
       Robe              |       |       |    45 |   112 |    81 ||   238
       Skin              |       |       |    29 |   108 |       ||   137
Dodge: Dodged            |    66 |   118 |   195 |   461 |   265 ||  1105
